 Dungeon Crawl Stone Soup version 0.28-a0-384-g9e0c098162 (webtiles) character file.

Game seed: 4667435436378144121

2283 willcat the Covert (level 9, -2/73 HPs)
             Began as a Deep Elf Delver on Sept 2, 2021.
             Was an Initiate of Gozag.
             Succumbed to an orc wizard's poison
             ... on level 8 of the Dungeon.
             The game lasted 00:11:43 (5728 turns).

willcat the Covert (Deep Elf Delver)                Turns: 5728, Time: 00:11:44

Health: -2/73      AC: 24    Str:  9    XL:     9   Next: 16%
Magic:  20/20      EV:  2    Int: 17    God:    Gozag
Gold:   218        SH: 11    Dex: 16    Spells: 17/20 levels left

rFire   . . .      SeeInvis .   k - +0 rapier (protect)
rCold   . . .      Faith    .   m - +2 kite shield
rNeg    + + +      Spirit   .   (armour currently unavailable)
rPois   +          Reflect  .   (helmet currently unavailable)
rElec   .          Harm     .   (cloak currently unavailable)
rCorr   .          Rampage  .   (gloves currently unavailable)
Will    .....      NoTele   +   (boots currently unavailable)
Stlth   ++++......              (no amulet)
HPRegen 0.22/turn               n - ring of positive energy
MPRegen 0.17/turn               (no ring)

@: lethally poisoned (-2 -> -20), tree-form
A: stationary, stasis, torment immunity, boosted hp, dopey 1
a: Renounce Religion, Potion Petition, Call Merchant, Bribe Branch


You were on level 8 of the Dungeon.
You worshipped Gozag.
Gozag was aware of your devotion.
You were a tree.
You visited 2 branches of the dungeon, and saw 5 of its levels.

You collected 281 gold pieces.
You paid 63 gold pieces to Gozag.

Inventory:

Hand Weapons
 k - a +0 rapier of protection (weapon)
Armour
 d - a +2 robe of positive energy (melded)
 h - a +1 pair of gloves (melded)
 m - a +2 kite shield (worn)
Jewellery
 b - an amulet of reflection
 j - an amulet of faith
 n - a ring of positive energy (left branch)
 r - a ring of see invisible
Wands
 a - a wand of iceblast (3)
 g - a wand of digging (3)
 o - a wand of flame (1)
 q - a wand of acid (4)
Scrolls
 c - a scroll of fog
 e - a scroll of fear
 i - 2 scrolls of identify
 s - a scroll of magic mapping
Potions
 f - a potion of haste
 l - 2 potions of invisibility


   Skills:
 - Level 2.4 Fighting
 + Level 6.2 Short Blades
 - Level 4.3 Dodging
 - Level 8.0 Stealth
 + Level 3.2 Shields
 + Level 6.4 Spellcasting
 + Level 4.6 Conjurations
 + Level 4.5 Earth Magic
 - Level 2.4 Evocations


You had 17 spell levels left.
You knew the following spells:

 Your Spells              Type           Power      Damage    Failure   Level
a - Stone Arrow           Conj/Erth      42%        3d9       26%         3

Your spell library contained the following spells:

 Spells                   Type           Power      Damage    Failure   Level
 Animate Armour           Summ/Erth      26%        N/A       91%         4
 Animate Dead             Necr           2%         N/A       99%         4
 Haunt                    Necr/Summ      2%         N/A       100%        7
 Infestation              Necr           2%         N/A       100%        8
 Lehudib's Crystal Spear  Conj/Erth      10%        10d4      100%        8


Dungeon Overview and Level Annotations

Branches:
Dungeon (8/15)             Temple (1/1) D:6            Lair (0/6) D:8

Altars:
Ashenzari
Cheibriados
Dithmenos
Elyvilon
Fedhas
Gozag
Hepliaklqana
Kikubaaqudgha
Nemelex Xobeh
Okawaru
Qazlal
Ru
Sif Muna
Uskayaw
Vehumet
Wu Jian
Xom
Yredelemnul
Zin
The Shining One

Shops:
D:5 [


Innate Abilities, Weirdness & Mutations

You are a tree.
Your roots penetrate the ground, keeping you stationary.
You cannot be teleported.
You are immune to unholy pain and torment.
Your maximum health is greatly increased.
Your equipment is partially melded.
You are dopey. (Int -2)


Message History

Your weapon exudes an aura of protection.
You feel very sick. Something hits you.
You are more poisoned.
You closely miss something.
You feel very sick. Something hits you.
You are lethally poisoned!
You hit something.
* * * LOW HITPOINT WARNING * * *
You feel extremely sick. Something hits you but does no damage.
Unknown command.
Okay, then.
* * * LOW HITPOINT WARNING * * *
You feel very sick.
Things that are here:
a +0 robe; a +0 dagger; 6 gold pieces
* * * LOW HITPOINT WARNING * * *
You feel very sick.
* * * LOW HITPOINT WARNING * * *
You feel very sick.
Things that are here:
a +0 short sword; a +0 leather armour You can't see any enemies this would affect, really read the scroll of fear?
Okay, then.
You need at least 400 gold to purchase potions right now!
Unknown command.
Really quaff the potion of lignification?
You turn into a tree.
Your +1 pair of gloves melds into your body.
Your +2 robe of positive energy melds into your body.
You feel less protected from negative energy.
Your roots penetrate the ground.
* * * LOW HITPOINT WARNING * * *
You feel very sick. Something hits you but does no damage.
You are more poisoned.
You die...
Your body crumbles into a pile of gold.

##.#.................#.(.
.....##.(............# ##
##.####....<.........#
#....................# #
#...###..............#.#
..#.....#..............# ..
####..####.#####[#..#..######..
......# #....#.{..###........?
.####.#######...♣### #.........
.# #...# ##..<# #...≈≈≈≈≈≈ .#
###.# ##.#.# #...≈≈≈≈≈≈ .### #.#
#..#.# #..≈≈.....
...####.#####..#.#### #..≈≈.....
##...#[..#.....#....###..≈≈..≈§≈
..##...........####...[..≈≈..§§.
#..............########..≈≈..§§_
####........>....# #......≈..


There were no monsters in sight!

Vanquished Creatures
  Pikel (D:7)
  Psyche (D:8)
  A slime creature (D:8)
  A sky beast (D:7)
  An orc warrior (D:7)
  A hornet zombie (D:7)
  A black bear (D:8)
  An ice beast (D:5)
  A centaur (D:7)
  A phantom (D:6)
  Blork the orc (D:6)
  A bullfrog (D:7)
  A gnoll sergeant (D:6)
  2 scorpions
  2 killer bees (D:8)
  A howler monkey (D:8)
  A bullfrog zombie (D:6)
  3 hounds
  An orc wizard (D:8)
  A killer bee zombie (D:7)
  A howler monkey zombie (D:8)
  5 gnolls (D:6)
  A white imp (D:6)
  9 orcs
40 creatures vanquished.

Vanquished Creatures (collateral kills)
  A wyvern zombie (D:6)
  A butterfly (D:6)
2 creatures vanquished.

Vanquished Creatures (others)
  A killer bee (D:8)
  4 fungi (D:8)
  6 plants (D:8)
11 creatures vanquished.

Grand Total: 53 creatures vanquished

Notes
Turn   | Place    | Note
-------+----------+-------------------------------------------
     0 | D:5      | willcat the Deep Elf Delver began the quest for the Orb.
     0 | D:5      | Reached XP level 1. HP: 13/13 MP: 3/3
    40 | D:5      | Found a glowing silver altar of Zin.
    40 | D:5      | Noticed a scorpion
    67 | D:5      | Found a hide-covered altar of Uskayaw.
   140 | D:5      | Noticed a hound
   145 | D:5      | Killed a hound
   146 | D:5      | Reached XP level 2. HP: 18/18 MP: 4/4
   146 | D:5      | Reached XP level 3. HP: 22/22 MP: 5/5
   179 | D:5      | Killed a scorpion
   180 | D:5      | Reached XP level 4. HP: 17/27 MP: 6/6
   417 | D:5      | Noticed an ice beast
   767 | D:5      | Killed an ice beast
   768 | D:5      | Reached skill level 7 in Stealth
   768 | D:5      | Reached XP level 5. HP: 31/31 MP: 7/7
  1067 | D:6      | Reached skill level 1 in Spellcasting
  1067 | D:6      | Reached skill level 1 in Evocations
  1067 | D:6      | Reached XP level 6. HP: 28/36 MP: 8/10
  1141 | D:6      | Found a staircase to the Ecumenical Temple.
  1679 | D:6      | Noticed Blork the orc
  1695 | D:6      | Killed Blork the orc
  2069 | D:6      | Reached skill level 8 in Stealth
  2156 | D:6      | Learned a level 3 spell: Stone Arrow
  2172 | D:6      | Reached XP level 7. HP: 40/40 MP: 13/13
  2299 | D:6      | Reached skill level 1 in Conjurations
  2299 | D:6      | Reached skill level 1 in Earth Magic
  2547 | D:7      | You fall into a shaft and drop 1 floor!
  2689 | D:8      | Noticed Psyche
  2800 | D:8      | Noticed a slime creature
  2803 | D:8      | Found a staircase to the Lair.
  2816 | D:8      | Killed a slime creature
  2816 | D:8      | HP: 3/60 [poisoned by Psyche]
  2822 | D:8      | Gained mutation: You are dopey. (Int -2) [potion of
                  | mutation]
  2834 | D:8      | Reached skill level 1 in Shields
  2847 | D:8      | Killed Psyche
  2848 | D:8      | Reached skill level 5 in Short Blades
  2848 | D:8      | Reached XP level 8. HP: 30/45 MP: 15/17
  2942 | D:8      | Reached skill level 5 in Spellcasting
  3194 | D:8      | Noticed a slime creature
  3194 | D:8      | Noticed a slime creature
  3195 | D:8      | Noticed a slime creature
  3196 | D:8      | Noticed a slime creature
  3420 | D:8      | Found a white marble altar of Elyvilon.
  4087 | Temple   | Entered the Ecumenical Temple
  4187 | Temple   | Became a worshipper of Gozag Ym Sagoz the Greedy
  4805 | D:7      | Noticed Pikel
  4822 | D:7      | Killed Pikel
  4823 | D:7      | Reached XP level 9. HP: 49/49 MP: 18/20
  5727 | D:8      | HP: 2/73 [poisoned by an orc wizard]
  5728 | D:8      | Succumbed to an orc wizard's poison

Illustrated notes

Levels and vault maps discovered:
D:5:      layout_basic, mainiacjoe_overflow_24_doors, nicolae_stop_n_shop_1,
          kennysheep_flooded_box, kennysheep_generic_room_9
D:6:      layout_cave_pods, minmay_temple_entry_butterflies, uniq_blork_the_orc
D:7:      lemuel_slime, layout_cave_pods, uniq_pikel
D:8:      layout_rooms, mainiacjoe_overflow_chevrons, dpeg_oklobed_lair,
          uniq_psyche
Temple:   regret_index_temple_chain_breaker

Skill      XL: |  1  2  3  4  5  6  7  8 |
---------------+-------------------------+-----
Dodging        | 3 4 |  4.3
Short Blades   | 3 4 5 6 |  6.2
Stealth        | 7 8 |  8.0
Spellcasting   | 1 3 4 6 |  6.4
Evocations     | 1 2 |  2.4
Conjurations   | 2 4 |  4.6
Earth Magic    | 2 4 |  4.5
Shields        | 1 3 |  3.2
Fighting       | |  2.4

Action                   |  1- 3 |  4- 6 |  7- 9 || total
-------------------------+-------+-------+-------++-------
Melee: Short sword       |     7 |    30 |       ||    37
       Rapier            |       |    15 |   286 ||   301
 Cast: Stone Arrow       |       |       |     2 ||     2
Evoke: Wand              |       |    22 |    13 ||    35
  Use: Scroll            |       |     6 |     4 ||    10
       Potion            |       |       |     8 ||     8
 Stab: Sleeping          |     3 |     1 |     1 ||     5
       Paralysed         |       |       |     2 ||     2
       Invisible         |       |       |     2 ||     2
Armor: Leather armour    |     1 |    13 |    10 ||    24
       Skin              |       |       |    28 ||    28
       Robe              |       |       |   120 ||   120
Dodge: Dodged            |     3 |    37 |   142 ||   182
Block: Kite shield       |       |       |   172 ||   172

Table legend: (Time is in decaauts)
 A = Elapsed time spent in this place.
 B = Non-inter-level travel time spent in this place.
 C = Inter-level travel time spent in this place.
 D = Time resting spent in this place.
 E = Time spent auto-exploring this place.
 F = Levels seen in this place.
 G = Mean time per level.
                   A        B        C        D        E       F      G
               +--------+--------+--------+--------+--------+-----+--------+
         Total |   5770 |   5498 |    272 |   2081 |   1926 |   5 | 1154.0 |
       Dungeon |   5539 |   5278 |    261 |   2081 |   1845 |   4 | 1384.8 |
        Temple |    231 |    221 |     10 |      0 |     81 |   1 |  231.0 |
               +--------+--------+--------+--------+--------+-----+--------+

Top non-repeatable levels by time:
     D:6: 1795 daAuts
     D:7: 1758 daAuts
     D:8: 1161 daAuts
     D:5: 822 daAuts
  Temple: 231 daAuts
